 Dungeon Crawl Stone Soup version 0.30-a0-1157-g2cc9ac7196 (webtiles) character file.

Game seed: 11693276931962406950

2 ytrimaz the Trooper (level 1, 0/18 HPs)
             Began as a Demonspawn Fighter on Apr 24, 2023.
             Succumbed to a kobold's poison
             ... on level 1 of the Dungeon.
             The game lasted 00:00:11 (31 turns).

ytrimaz the Trooper (Demonspawn Fighter)              Turns: 31, Time: 00:00:11

Health: 0/18       AC:  6    Str: 16    XL:     1   Next: 25%
Magic:  1/1        EV:  8    Int:  9    God:
Gold:   0          SH:  4    Dex: 12    Spells: 0/0 levels left

rFire   . . .        a - +0 war axe
rCold   . . .        c - +0 buckler
rNeg    . . .        b - +0 scale mail
rPois   .            (no helmet)
rElec   .            (no cloak)
rCorr   .            (no gloves)
SInv    .            (no boots)
Will    .....        (no amulet) Stlth
                     (no ring)
HPRegen 0.23/turn    (no ring)
MPRegen 0.07/turn

%: no passive effects
@: lethally poisoned (0 -> -2)
A: no striking features
a: no special abilities


You were on level 1 of the Dungeon.
You visited 1 branch of the dungeon, and saw 1 of its levels.


   Skills:
 - Level 3.0 Fighting
 + Level 1.8 Axes
 - Level 2.6 Armour
 * Level 2.8 Shields


You couldn't memorise any spells.
You didn't know any spells.
Your spell library was empty.

Inventory:

Hand Weapons
 a - a +0 war axe (weapon)
Armour
 b - a +0 scale mail (worn)
 c - a +0 buckler (worn)
Potions
 d - a potion of might

Dungeon Overview and Level Annotations

Branches:
Dungeon (1/15) Zot: 5967

Altars:

.###########..#.#..####
...............#...#
.######.#.##.#...#.#
........#.##.###...#
.######.#.##.###.###
#..........#
#.####.###.# #.# #.#
#)# #.# #.# #@# ..# #.#
#.# ### #.# #.# #.# #.#
#.# #.# #.# ..# ###


There were no monsters in sight!


Message History

🤖 Initializing magus.rc ...
Options error: Unknown explore stop condition 'runed_doors' (~/.crawlrc:4369) Options error: Unknown explore stop condition 'runed_doors' (~/.crawlrc:4370) Options error: Delay interrupt name "hungry" not recognised. (~/.crawlrc:4375) Bad monster_list_colour key: strict_neutral Options error: Unknown color in colour mapping: 'purle:scroll.*immolation' Bad channel name for runrest: 'pray:' Options error: Missing colour in message_colour line: 'that.*feels deathly cold' Options error: Missing colour in message_colour line: 'mortal' Options error: Missing colour in message_colour line: 'so you fail to move' Options error: Missing colour in message_colour line: 'and you must be Full or above to equip it' Options error: Missing colour in message_colour line: 'mortal' Options error: Missing colour in message_colour line: 'saying\' Options error: Missing colour in message_colour line: '\"No\' Options error: Missing colour in message_colour line: 'no\' Options error: Missing colour in message_colour line: 'no!\"' Options error: Missing colour in message_colour line: 'but rights himself reflexively soon after' Options error: Missing colour in message_colour line: 'before it is too late' Options error: Missing colour in message_colour line: 'and clutches his wounds' Options error: Missing colour in message_colour line: '\"What am I doing in here\?\"' Options error: Missing colour in message_colour line: 'briefly' Options error: Missing colour in message_colour line: 'now there\.\"' Options error: Missing colour in message_colour line: 'my child' Options error: Missing colour in message_colour line: 'mortal' Options error: Missing colour in message_colour line: 'you see no one' Options error: Missing colour in message_colour line: 'you\'re it!\"' Options error: Missing colour in message_colour line: 'Boring in death\"' Options error: Missing colour in message_colour line: 'baby\' Options error: Missing colour in message_colour line: 'burn!\"' Options error: Missing colour in message_colour line: 'mortal\.\"' Options error: Missing colour in message_colour line: 'my child!\"' Options error: Missing colour in message_colour line: 'this looks better\.\"' Options error: Missing colour in message_colour line: 'my child!\"' Options error: Missing colour in message_colour line: 'my (child|children)!\"' Options error: Missing colour in message_colour line: 'stopping explore' ✅ Successfully initialized magus.rc [v1.9.6] Welcome, ytrimaz the Demonspawn Fighter.
They say the Orb of Zot lies within this dungeon, but they say a lot of things.
Press ? for a list of commands and other information.
Found a ring mail.
Found a staircase leading out of the dungeon.
A kobold and a bat come into view.
The kobold is wielding a +2 whip of venom.
The kobold shouts!
The bat hits you but does no damage.
There are monsters nearby!
There are monsters nearby!
There are monsters nearby!
There are monsters nearby!
You miss the bat. You block the bat's attack. The bat closely misses you.
The bat hits you but does no damage.
You slash the bat!
You kill the bat!
You miss the kobold.
The kobold hits you with a +2 whip of venom.
You are poisoned.
The kobold hits you with a +2 whip of venom. 😮 HP[-7]
You take 7 damage, and now have 11/18 hp.
MASSIVE DAMAGE!! (PAUSE)
You hit the kobold.
You kill the kobold!
* * * LOW HITPOINT WARNING * * *
You feel very sick. 😨 HP[-4]
You take 4 damage, and now have 7/18 hp.
MASSIVE DAMAGE!! (PAUSE)
* * * LOW HITPOINT WARNING * * *
You feel sick.
Things that are here:
a +2 whip of venom; a kobold corpse; 😨 HP[-2]
You take 2 damage, and now have 5/18 hp.
* * * LOW HITPOINT WARNING * * *
You feel sick. 😱 HP[-2]
You take 2 damage, and now have 3/18 hp.
Unknown command.
Okay, then.
There is a lethal amount of poison in your body!
* * * LOW HITPOINT WARNING * * *
You feel sick.
* * * LOW HITPOINT WARNING * * *
You feel sick. 😱 HP[-1]
You take 1 damage, and now have 2/18 hp.
* * * LOW HITPOINT WARNING * * *
You feel sick. 😱 HP[-1]
You take 1 damage, and now have 1/18 hp.
You die...

Action                     || total
---------------------------++-------
  Melee: War axe           ||     4
 Armour: Scale mail        ||     2
  Dodge: Dodged            ||     1
  Block: Buckler           ||     1

Levels and vault maps discovered:
D:1:      scummos_arrival_star, layout_basic, minmay_misc_feat_enclosed

Notes
Turn   | Place    | Note
-------+----------+-------------------------------------------
     0 | D:1      | ytrimaz the Demonspawn Fighter began the quest for the Orb.
     0 | D:1      | Reached XP level 1. HP: 18/18 MP: 1/1
     0 | D:1      | magus.rc [v1.9.6]
    27 | D:1      | HP: 3/18 [poisoned by a kobold]
    30 | D:1      | HP: 1/18 [poisoned by a kobold]
    31 | D:1      | Succumbed to a kobold's poison

Vanquished Creatures
  A bat (D:1)
  A kobold (D:1)
2 creatures vanquished.

Table legend:
 A = Non-vault XP
 B = Vault XP
 C = Vault XP percentage of total XP
 D = Non-vault monster count
 E = Vault monster count
 F = Vault count percentage of total count
                 A         B        C        D         E       F
            +---------+---------+-------+---------+---------+-------
      Total |       3 |       0 |   0.0 |       2 |       0 |   0.0
            +---------+---------+-------+---------+---------+-------
        D:1 |       3 |       0 |   0.0 |       2 |       0 |   0.0
            +---------+---------+-------+---------+---------+-------

Action                     || total
---------------------------++-------
  Melee: War axe           ||     4
 Armour: Scale mail        ||     2
  Dodge: Dodged            ||     1
  Block: Buckler           ||     1

Illustrated notes

Table legend:
 A = Kills in this place as a percentage of kills in the entire game.
 B = Kills by you in this place as a percentage of kills by you in the entire game.
 C = Kills by friends in this place as a percentage of kills by friends in the entire game.
 D = Other kills in this place as a percentage of other kills in the entire game.
 E = Experience gained in this place as a percentage of experience gained in the entire game.
 F = Experience gained in this place divided by the number of levels of this place that you have seen.
                   A       B       C       D       E      F
               +-------+-------+-------+-------+-------+----------------------
         Total | 100.0 | 100.0 |   N/A |   N/A | 100.0 |   3.0
       Dungeon | 100.0 | 100.0 |   N/A |   N/A | 100.0 |   3.0
               +-------+-------+-------+-------+-------+----------------------

Table legend: (Time is in decaauts)
 A = Elapsed time spent in this place.
 B = Non-inter-level travel time spent in this place.
 C = Inter-level travel time spent in this place.
 D = Time resting spent in this place.
 E = Time spent auto-exploring this place.
 F = Levels seen in this place.
 G = Mean time per level.
                   A        B        C        D        E       F      G
               +--------+--------+--------+--------+--------+-----+--------+
         Total |     32 |     32 |      0 |      0 |     20 |   1 |   32.0 |
       Dungeon |     32 |     32 |      0 |      0 |     20 |   1 |   32.0 |
               +--------+--------+--------+--------+--------+-----+--------+

Top non-repeatable levels by time:
     D:1: 32 daAuts
